 Dungeon Crawl Stone Soup version 0.29.1-15-g9cfb28693d (webtiles) character file.

Game seed: 4118856066384159236

56 Peloso the Covered (level 3, 0/33 HPs)
             Began as a Minotaur Fighter on Apr 26, 2023.
             Slain by a gnoll
             ... wielding a +0 flail
              (6 damage)
             ... on level 1 of the Dungeon.
             The game lasted 00:02:17 (1667 turns).

Peloso the Covered (Minotaur Fighter)               Turns: 1667, Time: 00:02:18

Health: 0/33       AC: 11    Str: 20    XL:     3   Next: 71%
Magic:  2/2        EV:  5    Int:  5    God:
Gold:   59         SH:  4    Dex: 11    Spells: 2/2 levels left

rFire   . . .      SeeInvis .   a - +0 long sword
rCold   . . .      Faith    .   d - +0 buckler
rNeg    . . .      Spirit   .   j - +0 plate armour
rPois   .          Reflect  .   (helmet restricted)
rElec   .          Harm     .   (no cloak)
rCorr   .          Rampage  .   (no gloves)
Will    .....                   (no boots)
Stlth   ..........              (no amulet)
HPRegen 0.11/turn               (no ring)
MPRegen 0.08/turn               (no ring)

@: no status effects
A: horns 2, retaliatory headbutt
a: no special abilities


You were on level 1 of the Dungeon.
You visited 1 branch of the dungeon, and saw 2 of its levels.

You collected 59 gold pieces.

Inventory:

Hand Weapons
 a - a +0 long sword (weapon)
 c - a +0 vorpal spear
Armour
 b - a +0 scale mail
 d - a +0 buckler (worn)
 j - a +0 plate armour (worn)
Scrolls
 i - a scroll of teleportation {unknown}
Potions
 e - a potion of curing {unknown}
 f - a potion of mutation {unknown}
 g - 2 potions of magic {unknown}
 h - a potion of degeneration {unknown}
 k - a potion of might


   Skills:
 + Level 4.2 Fighting
 + Level 3.1 Long Blades
 + Level 4.3 Armour
 + Level 0.1 Dodging
 + Level 4.3 Shields


You had 2 spell levels left.
You didn't know any spells.
Your spell library contained the following spells:

 Spells                   Type           Power      Damage    Failure   Level
 Conjure Flame            Conj/Fire      0%         6-21      100%        3
 Ignite Poison            Fire/Tmut/Pois 0%         N/A       100%        3
 Sticky Flame             Conj/Fire      0%         2d3       100%        4


Dungeon Overview and Level Annotations

Branches:
Dungeon (2/15)

Altars:


Innate Abilities, Weirdness & Mutations

You have a pair of horns on your head.
You reflexively headbutt those who attack you in melee.


Message History

The gnoll attacks as you move away! The gnoll hits you with a +0 flail.
* * * LOW HITPOINT WARNING * * *
The gnoll attacks as you move away! You block the gnoll's attack.
There is a stone staircase leading up here.
You climb upwards.
There is a stone staircase leading down here.
You start resting.
HP restored.
Unknown command.
You climb downwards.
The gnoll hits you with a +0 flail!
The gnoll hits you but does no damage. x2; The gnoll closely misses you.
There is a stone staircase leading up, spattered with blood here.
The gnoll hits you but does no damage. The gnoll hits you with a +0 flail.
You climb upwards.
There is a stone staircase leading down here.
Unknown command.
You hit the gnoll but do no damage. The gnoll hits you with a +0 whip.
The gnoll hits you with a +0 flail.
You hit the gnoll but do no damage. The gnoll hits you but does no damage.
The gnoll hits you with a +0 flail!
You barely miss the gnoll. Your headbutt misses the gnoll.
You block the gnoll's attack.
The gnoll hits you but does no damage. x2
The gnoll hits you with a +0 flail.
You hit the gnoll. You headbutt the gnoll.
The gnoll is severely wounded.
The gnoll closely misses you. The gnoll hits you but does no damage.
You hit the gnoll.
You kill the gnoll!
The gnoll completely misses you.
Unknown command.
You hit the gnoll.
The gnoll is moderately wounded.
The gnoll hits you with a +0 flail.
* * * LOW HITPOINT WARNING * * *
You hit the gnoll but do no damage.
The gnoll is moderately wounded.
The gnoll hits you with a +0 flail.
* * * LOW HITPOINT WARNING * * *
The gnoll hits you with a +0 flail.
You die...

..........#.....'.##.........#
####################.#######.#
#.#.# #........# #.# #
####.#.#####.###.##.# #.# ##
#............# #.##.# ##.###.
#.##.#.#####.# #.##.###.....#
#.##.#.# #.# #.#...#...###.
#.##.#.# #g# #.........####
#.##.#.# #@#####.#.......##
#..#.#.# #.)....###......##
####.#.#.# #.#####.#.........
#........# #.# ##..........
#........# #.# ####...####
#........#####.# ##.##
#........##.######## #.#
#............#....P# #.#
###..######.##.###'# #.#####


You could see a gnoll.

Vanquished Creatures
  A gnoll (D:1)
  2 adders (D:2)
  A worm (D:2)
  2 ball pythons
  A bat (D:1)
  An endoplasm (D:1)
  A giant cockroach (D:1)
  A hobgoblin (D:1)
  7 jackals (D:1)
  2 quokkas (D:1)
  2 kobolds (D:2)
  2 rats (D:1)
23 creatures vanquished.

Vanquished Creatures (others)
  A bat (D:1)
  53 plants (D:1)
54 creatures vanquished.

Grand Total: 77 creatures vanquished

Notes
Turn   | Place    | Note
-------+----------+-------------------------------------------
     0 | D:1      | Peloso the Minotaur Fighter began the quest for the Orb.
     0 | D:1      | Reached XP level 1. HP: 19/19 MP: 0/0
   370 | D:1      | Reached XP level 2. HP: 25/27 MP: 1/1
   558 | D:1      | Found a faded altar of an unknown god.
  1310 | D:2      | Reached XP level 3. HP: 33/33 MP: 2/2
  1667 | D:1      | Slain by a gnoll

Illustrated notes

Levels and vault maps discovered:
D:1:      roderic_crop_circles_arrival_small, layout_loops_ring,
          shapermc_ecumenical_altar_ellora, roderic_serpentine_path,
          lemuel_flame_loot_1
D:2:      layout_loops_cross

Skill      XL: |  1  2  3 |
---------------+----------+-----
Fighting       | 4 |  4.2
Shields        | 4 |  4.3
Armour         | 4 |  4.3
Long Blades    | 3 |  3.1
Dodging        | |  0.1

Action                   || total
-------------------------++-------
Melee: Long sword        ||   106
       Headbutt          ||    24
Armor: Scale mail        ||    20
       Plate armour      ||    31
Dodge: Dodged            ||    31
Block: Buckler           ||    20
